[Event "Fredericia Candidate 2022"]
[Site "Fredericia"]
[Date "2022.05.29"]
[Round "4.2"]
[White "Medhus, Vitus Bondo"]
[Black "Thuesen, Mogens"]
[Result "1-0"]
[ECO "B40"]
[WhiteElo "2100"]
[BlackElo "2255"]
[Annotator "TA"]
[PlyCount "78"]
[EventDate "2022.05.25"]
[EventType "swiss"]
[EventCountry "DEN"]
[SourceTitle "playchess.com"]
[Source "ChessBase"]
[SourceQuality "1"]
[TimeControl "40/5400+30:1800+30"]

1. e4 c5 2. Nf3 e6 3. d4 cxd4 4. Nxd4 Nf6 5. Bd3 a6 6. c4 Qc7 {[%emt 0:02:05] B42: Sicilian: Kan Variation: 5 Bd3.} 7. a3 {[%emt 0:02:09] 7.Nc3 is a critical line.} Nc6 8. Nf3 {[%emt 0:02:36] [#]} b6 $146 {[%emt 0:03:25] The position is equal.} (8... b5 $5) ({Predecessor:} 8... Be7 9. Nbd2 O-O 10. O-O b6 11. b4 a5 12. b5 Ne5 13. Qc2 Ng6 14. Re1 d6 15. Bb2 e5 16. Nf1 Bg4 17. N3d2 Nf4 18. Ng3 N6h5 19. Be2 Bxe2 20. Nxe2 Nxe2+ 21. Rxe2 Nf4 22. Ree1 {½-½ (22) Sanchez Garcia,R (1402)-Gonzalez Manrique,M (1683) Pontevedra 2018}) 9. b4 a5 10. b5 Ne5 11. Nxe5 Qxe5 12. Qc2 Bb7 (12... Qxa1 $2 13. Bb2 Qxb2 14. Qxb2 $16) 13. Bb2 Qg5 14. O-O Bc5 15. Nd2 O-O 16. Nf3 Qg4 17. h3 Qh5 18. e5 Ne8 19. Be4 Bxe4 20. Qxe4 Rd8 {[%emt 0:00:48] [#]} (20... d5 $1 $11 {and Black is okay.} 21. cxd5 exd5 22. Qxd5 Nc7) 21. Bd4 $1 $18 d5 22. Qe3 Rc8 23. cxd5 exd5 24. Rac1 Qh6 25. Bxc5 bxc5 26. Qxh6 gxh6 27. Rfd1 Ng7 28. Rxd5 Ne6 29. g3 {[%emt 0:04:54] Against Nf4} a4 30. Nd2 Rfd8 31. Rxd8+ Rxd8 {[%emt 0:00:05][%mdl 4096] Endgame KRN-KRN} 32. Nc4 Nd4 {[%emt 0:05:28] ...Ne2+ is the strong threat.} 33. Rb1 Kf8 34. Kg2 Ke7 35. b6 Nb3 36. b7 (36. Nb2 $18) 36... Rb8 $16 37. Nb6 {[%emt 0:01:44] White is more active.} Rxb7 38. Nxa4 Ke6 $2 {[%emt 0:00:13][%mdl 8192] [#]} (38... Ra7 $16) 39. Rxb3 $1 $18 Kd5 {Weighted Error Value: White=0.10 (very precise) /Black=0.42} (39... Ra7 40. Nxc5+) 1-0

[Event "Fredericia Candidate 2022"]
[Site "Fredericia"]
[Date "2022.05.29"]
[Round "4.3"]
[White "Hoiberg, Nina"]
[Black "Madsen, Michael B."]
[Result "1-0"]
[ECO "B27"]
[WhiteElo "2183"]
[BlackElo "2084"]
[Annotator "TA"]
[PlyCount "65"]
[EventDate "2022.05.25"]
[EventType "swiss"]
[EventCountry "DEN"]
[SourceTitle "playchess.com"]
[Source "ChessBase"]
[SourceQuality "1"]
[TimeControl "40/5400+30:1800+30"]

1. e4 c5 2. Nf3 h6 3. d4 cxd4 4. Nxd4 e5 5. Nf3 Nf6 6. Bc4 {[%emt 0:05:16] B27: Sicilian: 2 Nf3, unusual Black 2nd moves.} Nc6 7. O-O Bc5 8. Nc3 {[%emt 0:18:36] The position is equal.} d6 9. h3 a6 10. Qe2 O-O {[%emt 0:00:12] [#]} 11. Rd1 $146 ({Predecessor:} 11. Be3 Bd4 12. Bxd4 exd4 13. Nd5 Re8 14. Nxf6+ Qxf6 15. Bd5 Nb4 16. Bb3 {½-½ (30) Petenyi,T (2452)-Druska,J (2383) Martin 2013}) 11... b5 12. Bd5 Qb6 13. a4 b4 14. a5 $1 Qc7 15. Na4 $36 {[%emt 0:03:03][%mdl 2048] White fights for an advantage.} Nxd5 16. exd5 (16. Rxd5 $11 Ne7 17. Rd1) 16... Nd4 ({Black should try} 16... Nxa5 $15 17. Nxc5 Qxc5) 17. Nxd4 $11 Bxd4 18. Be3 Bxe3 19. Qxe3 Qxc2 (19... f5 $11 {remains equal.}) 20. Rdc1 $16 Qg6 21. Nb6 Rb8 22. Rc4 Bf5 23. Rxb4 Bd3 (23... Rb7 $16) 24. Rg4 $18 Qf5 25. Rg3 ({Wrong is} 25. Qxh6 $2 Qxg4 $3 26. Qxd6 Qg5 $19) 25... Rxb6 $2 (25... Bb5 26. Qxh6 g6) 26. axb6 e4 27. Qxh6 Qe5 28. Qd2 Qxd5 {[%emt 0:00:26] [#]} 29. Rxa6 $3 {[%emt 0:00:23][%mdl 512] Hoping for Ra5.} Qb5 (29... e3 30. Rxe3) 30. Ra5 {[%emt 0:03:08][%cal Od2h6] White wants to mate with Qh6!} Qxb6 {[%emt 0:01:05] [#]} 31. Rxg7+ $3 {[%emt 0:00:44][%mdl 512] White mates.} Kxg7 {[%emt 0:00:07] [#]} 32. Qg5+ $1 Kh7 33. Qh4+ {[%emt 0:00:06] Weighted Error Value: White=0.08 (flawless) /Black=0.42} 1-0

[Event "Fredericia Candidate 2022"]
[Site "Fredericia"]
[Date "2022.05.29"]
[Round "4.4"]
[White "Pedersen, Lars Wilton"]
[Black "Zander, Emil"]
[Result "1/2-1/2"]
[ECO "A00"]
[WhiteElo "2006"]
[BlackElo "2018"]
[Annotator "TA"]
[PlyCount "25"]
[EventDate "2022.05.25"]
[EventType "swiss"]
[EventCountry "DEN"]
[SourceTitle "playchess.com"]
[Source "ChessBase"]
[SourceQuality "1"]
[TimeControl "40/5400+30:1800+30"]

1. a3 g6 2. g3 Bg7 3. Bg2 d5 4. Nf3 e5 5. d3 Ne7 6. O-O {[%emt 0:00:16] A00: Irregular Openings.} O-O 7. c4 c6 {[%emt 0:00:38] [#]} 8. Qc2 $146 {[%emt 0:00:48] Black has an edge.} ({Predecessor:} 8. Nbd2 a5 9. Qc2 a4 10. Rb1 h6 11. e4 Be6 12. b3 axb3 13. Rxb3 Ra7 14. Re1 {0-1 (26) Knudsen,P (2355)-Fries Nielsen,J (2320) Aarhus 1981}) 8... h6 9. Nc3 Be6 10. b3 f5 11. e3 Nd7 12. Bb2 g5 13. Rae1 {Weighted Error Value: White=0.06 (flawless) /Black=0.06 (flawless)} 1/2-1/2

[Event "Fredericia Candidate 2022"]
[Site "Fredericia"]
[Date "2022.05.29"]
[Round "4.5"]
[White "Stentebjerg-Hansen, Per"]
[Black "Andries, Alf"]
[Result "0-1"]
[ECO "A45"]
[WhiteElo "2191"]
[BlackElo "2049"]
[Annotator "TA"]
[PlyCount "76"]
[EventDate "2022.05.25"]
[EventType "swiss"]
[EventCountry "DEN"]
[SourceTitle "playchess.com"]
[Source "ChessBase"]
[SourceQuality "1"]
[TimeControl "40/5400+30:1800+30"]

1. d4 Nf6 2. Nc3 d5 3. Bf4 c5 4. e3 cxd4 5. exd4 a6 6. Nf3 {[%emt 0:00:06] B13: Caro-Kann: Exchange Variation and Panov-Botvinnik Attack.} Nc6 7. Qd2 Bf5 8. Bd3 {[%emt 0:00:52] The position is equal.} Bxd3 9. Qxd3 e6 10. O-O Bd6 {[%emt 0:00:20] [#]} 11. Bg5 $146 ({Predecessor:} 11. Be5 O-O 12. a3 h6 13. Rfe1 Ng4 14. Bxd6 Qxd6 15. h3 Nf6 16. Ne5 Rac8 17. f4 {½-½ (41) Kapoor,S (1771)-Jackson,J (1595) Penang 2019}) 11... h6 12. Bh4 O-O 13. Rfe1 Be7 14. Ne5 (14. Bxf6 $11 Bxf6 15. Ne2) 14... Nxe5 $17 15. dxe5 {[%emt 0:04:35] [#]} Nd7 16. Bxe7 Qxe7 17. f4 g6 18. Kh1 Qb4 19. Qg3 (19. Ne2 $11) 19... Kh7 (19... Qxb2 $17 {Threatens to win with ...Rac8.} 20. Rab1 Qxc2) 20. Rf1 $2 (20. Nd1 $15) 20... Rac8 (20... Qxb2 $19 {And now ...Rfc8 would win.} 21. Qh3 Rad8) 21. Rf3 $2 (21. Rab1 $17 {was worth a try.}) 21... Qxb2 $19 22. Raf1 Qxc2 23. Nxd5 $2 (23. h3) 23... exd5 24. f5 gxf5 {[%emt 0:01:09] White must now prevent ...Rg8.} 25. Qh3 Rc6 26. Rxf5 Kg7 27. Qf3 Nxe5 28. Rxe5 $17 Qg6 (28... Qxa2 $17 29. Re2 (29. Re8 d4 $17) 29... Qc4) 29. Qxd5 $11 Rf6 30. Rfe1 (30. Ree1 $11 {keeps the balance.}) 30... b5 $17 31. Qd4 Kh7 32. R5e3 Rf5 $40 {[%emt 0:01:04][%mdl 128] Black has strong attack.} 33. Qa7 (33. a4 $142) 33... Rg5 ({Better is} 33... Rd8 $17 {Hoping for ...Rd2.} 34. R3e2 Qf6) 34. Qb7 Rg8 35. Re6 $1 Qf5 36. R6e2 ({White should try} 36. R6e5 $1 $15 Qg6 37. Rxg5 hxg5 38. Rf1) 36... Qd5 37. Qc7 (37. Qxd5 $17 Rxd5 38. Rf2) 37... Rxg2 $19 38. Re4 {[%emt 0:01:27] [#]} (38. Qc2+ $19 R2g6+ 39. Qe4 Qxe4+ 40. Rxe4) 38... Rg1+ $3 {[%emt 0:00:18][%mdl 512] Weighted Error Value: White=0.68/Black=0.42} 0-1

[Event "Fredericia Candidate 2022"]
[Site "Fredericia"]
[Date "2022.05.29"]
[Round "4.6"]
[White "Hye, Allan"]
[Black "Petersen, Steen"]
[Result "1-0"]
[ECO "E25"]
[WhiteElo "2072"]
[BlackElo "2103"]
[Annotator "TA"]
[PlyCount "65"]
[EventDate "2022.05.25"]
[EventType "swiss"]
[EventCountry "DEN"]
[SourceTitle "playchess.com"]
[Source "ChessBase"]
[SourceQuality "1"]
[TimeControl "40/5400+30:1800+30"]

1. c4 Nf6 2. Nc3 e6 3. d4 Bb4 4. f3 d5 5. a3 Bxc3+ 6. bxc3 c5 7. cxd5 exd5 8. e3 c4 {[%emt 0:15:42] E25: Nimzo-Indian: Sämisch: 5...c5 6 f3 d5 7 cxd5.} 9. Ne2 O-O 10. g4 Re8 {[%emt 0:02:17][%cal Oc8g4] The position is equal.} 11. Bg2 Nc6 12. O-O Na5 13. Ng3 h6 {[%emt 0:02:42] [#]} 14. g5 $146 ({Predecessor:} 14. h3 h5 15. Ra2 h4 16. Ne2 Nb3 17. Nf4 b5 18. e4 Bb7 19. e5 Nd7 20. Ne2 Nxc1 21. Qxc1 {1-0 (26) Van Schyndel,A (2256)-Matozo,P (2119) ICCF email 2011}) 14... hxg5 15. e4 Nh7 16. e5 Nb3 17. Ra2 Be6 18. Be3 Nf8 (18... f5 $14 19. exf6 (19. f4 g4 $11) 19... Bf7) 19. f4 $16 gxf4 20. Bxf4 Ng6 21. Be3 {[%emt 0:09:40][%mdl 1024] White has compensation.} Qa5 {[%emt 0:15:50] [#]} (21... Qh4 $14) 22. Qe1 $1 Rad8 (22... b5 $16) 23. Bg5 $18 Rd7 24. Nh5 (24. Qe3 $142) 24... f6 $2 (24... Nxd4 25. cxd4 Qxe1 26. Rxe1 Bg4) 25. exf6 Bf7 26. Qg3 Qc7 27. fxg7 {[%emt 0:01:23] [#] White threatens Qh3 and mate.} Qxg3 28. hxg3 Rd6 29. Raf2 Ne5 30. dxe5 {[%emt 0:01:17] White mates.} Rxe5 31. Rxf7 Rxg5 32. Rf8+ Kh7 33. Rh8+ {[%emt 0:00:10] Weighted Error Value: White=0.08 (flawless) /Black=0.57} 1-0

[Event "Fredericia Candidate 2022"]
[Site "Fredericia"]
[Date "2022.05.29"]
[Round "5.1"]
[White "Motzkus, Mikkel"]
[Black "Medhus, Vitus Bondo"]
[Result "1-0"]
[ECO "A57"]
[WhiteElo "1993"]
[BlackElo "2100"]
[Annotator "TA"]
[PlyCount "47"]
[EventDate "2022.05.25"]
[EventType "swiss"]
[EventCountry "DEN"]
[SourceTitle "playchess.com"]
[Source "ChessBase"]
[SourceQuality "1"]
[TimeControl "40/5400+30:1800+30"]

1. d4 Nf6 2. c4 c5 3. d5 b5 4. Qc2 d6 5. e4 b4 6. f4 {[%emt 0:05:29] [#] A57: Benko/Volga Gambit.} e6 $146 (6... g6 $11) ({Predecessor:} 6... g6 7. Nf3 Bg7 8. Bd3 O-O 9. O-O Nbd7 10. h3 e6 11. Be3 Bb7 12. Nbd2 Qc7 {1-0 (62) Caruana,F (2835)-Gelman,A (2403) Chess.com INT 2020}) 7. Nf3 $14 exd5 8. cxd5 {[%emt 0:00:11] White is better.} Qe7 9. Bb5+ (9. Bd3 $5 ) 9... Bd7 10. Bxd7+ Nbxd7 11. O-O $1 {[%emt 0:00:29] [#] Black must now prevent Nbd2.} g6 $1 (11... Qxe4 $2 12. Re1 Qxe1+ 13. Nxe1 $18) 12. Nbd2 (12. Re1 $14) 12... Bg7 $1 $11 13. Rb1 O-O 14. b3 a5 15. Bb2 Nb6 16. Rfe1 a4 17. Nc4 axb3 18. axb3 Nxc4 19. bxc4 Ra2 $2 {[%emt 0:00:19][%mdl 8192] [#]} (19... Nd7 $11 {and Black is okay.}) 20. Bxf6 $18 {[%emt 0:06:39] White is clearly winning.} Qa7 21. Rb2 b3 22. Qc3 Bxf6 23. Qxf6 Rb8 24. Reb1 {Weighted Error Value: White=0.08 (flawless) /Black=0.47} 1-0

[Event "Fredericia Candidate 2022"]
[Site "Fredericia"]
[Date "2022.05.29"]
[Round "5.2"]
[White "Loftgaard, Mikkel Vinh"]
[Black "Hoiberg, Nina"]
[Result "1-0"]
[ECO "C45"]
[WhiteElo "2072"]
[BlackElo "2183"]
[Annotator "TA"]
[PlyCount "55"]
[EventDate "2022.05.25"]
[EventType "swiss"]
[EventCountry "DEN"]
[SourceTitle "playchess.com"]
[Source "ChessBase"]
[SourceQuality "1"]
[TimeControl "40/5400+30:1800+30"]

1. e4 e5 2. Nf3 Nc6 3. d4 exd4 4. Nxd4 Bc5 5. Nxc6 Qf6 6. Qf3 Qxc6 7. Nc3 {[%emt 0:01:18] C45: Scotch Game.} Nf6 8. Bb5 Qb6 {[%emt 0:07:46] [#]} ({Better is} 8... Qe6 $1 $14) 9. e5 $1 $18 {[%emt 0:02:43] White is clearly better.} Qe6 10. O-O Ng4 (10... Qxe5 11. Bf4 Qh5) 11. Nd5 Bb6 {[%emt 0:07:02] [#]} 12. Nxb6 $146 ({Predecessor:} 12. Bf4 O-O 13. Rae1 c6 14. Nxb6 axb6 15. Bd3 Rxa2 16. Re4 Ra5 17. Rfe1 b5 18. Bd2 Ra4 19. Rxa4 bxa4 20. Bf5 Nxe5 21. Qh3 {1-0 (21) Valeggia,R-Sartori,S Venice 1981}) 12... axb6 13. Bf4 O-O 14. Rfe1 Ra5 15. a4 Nh6 16. Bd3 Qg4 17. Qe4 {[%emt 0:07:16][%csl Gd3][%cal Re4h7] [#]} Qg6 18. Qc4 Qc6 19. Qd4 d5 20. exd6 Rd5 (20... Nf5 $142 21. Bxf5 Bxf5 22. dxc7 Rd5) 21. Qb4 ({Not} 21. Qe4 Bf5 22. Qe7 Bxd3 $16) 21... g5 22. Bg3 ({Stronger than} 22. Qe4 Bf5 23. Qe7 Bxd3 $11) 22... Bf5 (22... Nf5 {was worth a try.} 23. dxc7 Nxg3 24. hxg3 (24. fxg3 Qc5+ 25. Qxc5 Rxc5 $18) 24... Be6) 23. dxc7 {[%emt 0:01:46] White is clearly winning.} Bxd3 24. cxd3 Nf5 25. Rac1 Rc5 26. Rxc5 bxc5 27. Qg4 Qg6 28. Re5 {[%emt 0:00:32][%csl LRc5,LRf5] Black got outplayed after the opening.  Weighted Error Value: White=0.06 (flawless) /Black=0.63} 1-0

[Event "Fredericia Candidate 2022"]
[Site "Fredericia"]
[Date "2022.05.29"]
[Round "5.3"]
[White "Thuesen, Mogens"]
[Black "Madsen, Michael B."]
[Result "1-0"]
[ECO "B56"]
[WhiteElo "2255"]
[BlackElo "2084"]
[Annotator "TA"]
[PlyCount "127"]
[EventDate "2022.05.25"]
[EventType "swiss"]
[EventCountry "DEN"]
[SourceTitle "playchess.com"]
[Source "ChessBase"]
[SourceQuality "1"]
[TimeControl "40/5400+30:1800+30"]

1. e4 c5 2. Nf3 d6 3. d4 Nf6 4. Nc3 cxd4 5. Nxd4 Bd7 6. Be2 e5 {[%emt 0:00:11] B56: Classical Sicilian: Unusual Lines.} 7. Ndb5 Bc6 8. Nd5 Nxd5 {[%emt 0:00:12] The position is equal.} 9. exd5 Bxb5 10. Bxb5+ Nd7 {[%emt 0:00:06] [#]} 11. c4 $146 ({Predecessor:} 11. O-O Be7 12. Qg4 g6 13. Bh6 f5 14. Qb4 Kf7 15. Be3 f4 16. Bd2 Rc8 17. Rac1 {1-0 (49) Van der Wiel,J (2535)-Kupreichik,V (2510) Yerevan 1996}) 11... a6 12. Ba4 Be7 13. O-O O-O 14. Be3 f5 15. f3 Rc8 16. Rc1 Bf6 (16... Nb6 $11) 17. b4 $14 a5 18. a3 Rf7 (18... Bh4 $14) 19. c5 $1 $16 axb4 20. axb4 dxc5 (20... f4 $16 21. Bf2 Bh4) 21. bxc5 $18 Bg5 22. Qd2 (22. Bxg5 $1 $18 Qxg5 23. d6 Rxc5 24. f4 exf4 25. Rxc5 Nxc5 26. Be8) 22... Bxe3+ $16 23. Qxe3 f4 24. Qf2 Qa5 {[%emt 0:02:12] [#]} (24... b6 $16) 25. Bb3 $1 $18 {[%emt 0:09:06] c6 is the strong threat.} (25. Bxd7 $6 Rxd7 26. Rfd1 Qa3 $16) 25... Qa3 26. Qa2 ({Worse is} 26. c6 Qxb3 27. cxd7 Rd8 $15) ({Better is} 26. Bc4 $18) 26... Ra8 $2 (26... Qxa2 $16 27. Bxa2 Kf8) 27. Qxa3 Rxa3 28. Bc4 Ra5 (28... Nxc5 $2 29. d6 $18) (28... Kf8 $142 29. d6 Ra4) 29. d6 {[%emt 0:02:16] Strongly threatening Ra1.} Rxc5 30. Rfd1 ({Not} 30. Bxf7+ Kxf7 31. Rxc5 Nxc5 $16) 30... Kf8 31. Ra1 $2 Rc8 $16 32. Ra7 Rf6 $11 33. Bb5 Nc5 (33... Rd8 $11) 34. Rd5 b6 $1 35. d7 $36 {[%emt 0:02:54][%cal Rd7c8][%mdl 2048] White has some pressure. White is much more active.} Rd8 36. Rxe5 {[%emt 0:00:39] And now Re8+ would win.} Re6 37. Rf5+ Ke7 38. Rxf4 Nxd7 {[%emt 0:00:41] Black is on the road to losing.} (38... Re1+ $14 39. Kf2 Rb1) 39. Rb7 Rd6 40. h4 Ke6 41. Bc4+ Ke5 42. Rf7 Kd4 (42... Nc5 $142) 43. Bb5 Ne5 (43... Nc5 $16 {was called for.}) 44. Rxg7 $18 Kc5 45. Rg5 Rd5 46. Be2 h6 47. Rf5 R8d6 (47... Nc6 $16 48. Rff7 Rd2) 48. g4 Nc6 {[%emt 0:01:22] [#]} (48... Re6 $142 49. Rc7+ Rc6) 49. Rxd5+ $1 Rxd5 {[%emt 0:00:26][%mdl 4096] Endgame KRB-KRN} 50. Kf2 Nd4 51. Rc7+ Kb4 52. f4 b5 53. Ke3 Rd8 54. Bd3 {[%emt 0:02:28] aiming for f5.} Kb3 $2 (54... Ne6) 55. f5 b4 56. g5 hxg5 57. hxg5 Kb2 58. Rc4 Nxf5+ 59. Bxf5 {[%emt 0:00:09] KRB-KR. White mates.} b3 60. Rb4 Kc3 61. Rb7 b2 62. g6 Rf8 63. Kf4 Kd2 64. Ke4 {Weighted Error Value: White=0.20 (precise) /Black=0.34} 1-0

[Event "Fredericia Candidate 2022"]
[Site "Fredericia"]
[Date "2022.05.29"]
[Round "5.4"]
[White "Zander, Emil"]
[Black "Andries, Alf"]
[Result "1/2-1/2"]
[ECO "B67"]
[WhiteElo "2018"]
[BlackElo "2049"]
[Annotator "TA"]
[PlyCount "35"]
[EventDate "2022.05.25"]
[EventType "swiss"]
[EventCountry "DEN"]
[SourceTitle "playchess.com"]
[Source "ChessBase"]
[SourceQuality "1"]
[TimeControl "40/5400+30:1800+30"]

1. e4 c5 2. Nf3 Nc6 3. d4 cxd4 4. Nxd4 Nf6 5. Nc3 d6 6. Bg5 e6 7. Qd2 a6 8. O-O-O Bd7 $1 {[%emt 0:00:06] The main line 8...Bd7 scores better than 8...h6.} 9. f3 Be7 10. h4 h6 {[%emt 0:00:15] [#] B67: Sicilian: Richter-Rauzer: 7...a6 8 0-0-0 Bd7, lines without 9 f4 Be7.} {Predecessor:} 11. Be3 $146 h5 12. Bd3 Ne5 13. Kb1 b5 14. Bg5 Qc7 15. f4 Neg4 16. Rde1 b4 17. Nd1 a5 18. Nf3 {½-½ (57) Fedoseev,V (2683)-Ponomariov,R (2675) Hengshui 2019} 1/2-1/2

[Event "Fredericia Candidate 2022"]
[Site "Fredericia"]
[Date "2022.05.29"]
[Round "5.6"]
[White "Petersen, Steen"]
[Black "Stentebjerg-Hansen, Per"]
[Result "1-0"]
[ECO "B01"]
[WhiteElo "2103"]
[BlackElo "2191"]
[Annotator "TA"]
[PlyCount "41"]
[EventDate "2022.05.25"]
[EventType "swiss"]
[EventCountry "DEN"]
[SourceTitle "playchess.com"]
[Source "ChessBase"]
[SourceQuality "1"]
[TimeControl "40/5400+30:1800+30"]

1. e4 d5 2. exd5 Qxd5 3. Nc3 Qd6 4. d4 Nf6 5. Nf3 c6 6. Bc4 {[%emt 0:01:56] B01: Scandinavian Defence.} Bg4 $1 7. Be3 e6 (7... Qb4 {[#]} 8. Bxf7+ $1 Kxf7 9. Ne5+ Kg8 10. Nxg4 $18) 8. h3 {[%emt 0:05:17] The position is equal.} Bh5 9. g4 Bg6 10. Ne5 Nd5 (10... Nbd7 $5 ) 11. Bxd5 exd5 {[%emt 0:03:17] [#]} 12. Qd2 $146 (12. f4 $5 ) ({Predecessor:} 12. h4 f6 13. Nxg6 hxg6 14. Qd3 Kf7 15. h5 g5 16. O-O-O Na6 17. Rde1 Kg8 18. Qf5 {1-0 (37) Villalba,M (2149)-Spata,G (2330) Asuncion 2011}) 12... Nd7 13. O-O-O O-O-O ({But not} 13... Nxe5 14. dxe5 Qd7 15. f4 $16) 14. Bf4 {[%emt 0:08:24][%cal Oe5f7] Threatens to win with Nxf7!} Qb4 15. Nxd7 Kxd7 16. Bg3 Kc8 ({Not} 16... Bd6 17. a3 Qb6 18. Bxd6 Kxd6 19. Na4 $18) 17. Rhe1 ({Reject} 17. Qf4 Bd6 18. Qf3 Rhe8 $11) 17... Bd6 18. a3 Qa5 19. Bxd6 Rxd6 20. Kb1 {[%emt 0:00:28] Hoping for f4.} h5 $2 {[%emt 0:05:17] [#]} (20... Qd8 $14) 21. Ne4 $1 {[%emt 0:00:49][%mdl 512] Weighted Error Value: White=0.07 (flawless) /Black=0.27 (precise)} 1-0